 Dungeon Crawl Stone Soup version 0.27-a0-1324-ge0d8e047f6 (webtiles) character file.

Game seed: 13247537852641505400

43 Araneus the Cudgeller (level 3, -1/29 HPs)
             Began as a Demonspawn Fighter on June 23, 2021.
             Slain by a gnoll (6 damage)
             ... on level 2 of the Dungeon.
             The game lasted 00:02:59 (1609 turns).

Araneus the Cudgeller (Demonspawn Fighter)          Turns: 1609, Time: 00:03:00

Health: -1/29      AC:  6    Str: 17    XL:     3   Next: 37%
Magic:  3/3        EV:  6    Int:  9    God:
Gold:   69         SH: 12    Dex: 12    Spells: 2/2 levels left

rFire    + . .     SeeInvis .   a - +0 flail
rCold    + . .     Faith    .   c - +0 kite shield
rNeg     . . .     Spirit   .   b - +0 scale mail
rPois    +         Reflect  .   (no helmet)
rElec    +         Harm     .   (no cloak)
rCorr    +         Rampage  .   (no gloves)
Will     .....                  (no boots)
Stlth    ..........             (no amulet)
HPRegen  1.09/turn              (no ring)
MPRegen  0.08/turn              (no ring)

@: resistant, flying
A: claws 1, foul stench 1, large bone plates 1, deterioration 1, regeneration 1
a: no special abilities


You were on level 2 of the Dungeon.
You visited 1 branch of the dungeon, and saw 2 of its levels.

You collected 69 gold pieces.

Inventory:

Hand Weapons
 a - a +0 flail (weapon)
Armour
 b - a +0 scale mail (worn)
 c - a +0 kite shield (worn)
Scrolls
 g - a scroll of magic mapping {unknown}
 h - a scroll of identify {unknown}
Potions
 d - a potion of might


   Skills:
 - Level 3.0 Fighting
 + Level 3.5 Maces & Flails
 - Level 2.6 Armour
 - Level 2.6 Shields


You had 2 spell levels left.
You didn't know any spells.
Your spell library was empty.

Dungeon Overview and Level Annotations

Branches:
Dungeon (2/15)

Altars:


Innate Abilities, Weirdness & Mutations

You have sharp fingernails.
You may rarely emit foul miasma when damaged in melee.
You are partially covered in large bone plates. (SH +4)
Your body sometimes deteriorates upon taking damage.
Your natural rate of healing is unusually fast.


Message History

The gnoll hits you from afar with a +3 spear.
The gnoll barely misses you.
The goblin falls through a shaft!
The shaft crumbles and collapses.
You barely miss the gnoll.
The gnoll hits you from afar with a +3 spear.
You block the gnoll's attack.
The gnoll hits you from afar with a +3 spear.
You block the gnoll's attack.
You hit the gnoll.
The gnoll is heavily wounded.
The gnoll hits you from afar with a +3 spear!
The gnoll closely misses you.
You are too injured to fight recklessly!
You are too injured to fight recklessly!
You are too injured to fight recklessly!
Your shield and scale mail prevent you from hitting the gnoll.
The gnoll is heavily wounded.
You block the gnoll's attack. The gnoll hits you but does no damage.
The gnoll completely misses you. The gnoll hits you but does no damage.
You hit the gnoll but do no damage.
The gnoll is heavily wounded.
You block the gnoll's attack. The gnoll hits you with a +0 whip.
You block the gnoll's attack. The gnoll closely misses you.
You see here 11 gold pieces.
The gnoll hits you with a +0 flail.
* * * LOW HITPOINT WARNING * * *
It was a potion of mutation.
You feel extremely strange.
Large bone plates grow over parts of your arms.
You feel yourself wasting away.
You begin to heal more quickly.
The gnoll barely misses you.
It was a potion of flight.
You feel very buoyant.
You fly up into the air.
You block the gnoll's attack. The gnoll hits you with a +0 flail.
* * * LOW HITPOINT WARNING * * *
It was a potion of resistance.
You feel protected. You block the gnoll's attack.
The gnoll hits you with a +0 flail.
You die...

#. ...... #.# >. #.##.# #.# #..
#.##.# #.# ... #.##.# #.#
#.####.##.# #.# #..†...##.###
#.# #.....).g...# #.#
######......#g########## #.#
..#....g#####.gg@......#######.#
..#....<# ##########.........#
..#.##### ########### #...#
.$.## ####


You could see 3 gnolls.

Vanquished Creatures
  An adder (D:2)
  2 dart slugs
  2 giant cockroaches
  2 goblins
  A hobgoblin (D:1)
  4 jackals (D:1)
  A quokka (D:1)
  6 ball pythons
  3 bats (D:1)
  2 frilled lizards (D:1)
  2 kobolds
  4 rats
30 creatures vanquished.

Notes
Turn   | Place    | Note
-------+----------+-------------------------------------------
     0 | D:1      | Araneus the Demonspawn Fighter began the quest for the Orb.
     0 | D:1      | Reached XP level 1. HP: 18/18 MP: 1/1
   128 | D:1      | Gained mutation: You have sharp fingernails. [demonic
                  | ancestry]
   128 | D:1      | Reached XP level 2. HP: 18/24 MP: 2/2
  1120 | D:2      | Gained mutation: You may rarely emit foul miasma when
                  | damaged in melee. [demonic ancestry]
  1120 | D:2      | Reached XP level 3. HP: 29/29 MP: 3/3
  1607 | D:2      | Gained mutation: You are partially covered in large bone
                  | plates. (SH +4) [potion of mutation]
  1607 | D:2      | Gained mutation: Your body sometimes deteriorates upon
                  | taking damage. [potion of mutation]
  1607 | D:2      | Gained mutation: Your natural rate of healing is unusually
                  | fast. [potion of mutation]
  1609 | D:2      | Slain by a gnoll

Illustrated notes

Levels and vault maps discovered:
D:1:      wander_arrival_lonely_grave, layout_basic
D:2:      layout_loops_ring

Skill      XL: |  1  2 |
---------------+-------+-----
Maces & Flails | 2 3 |  3.5
Fighting       | |  3.0
Armour         | |  2.6
Shields        | |  2.6

Action                   || total
-------------------------++-------
Melee: Flail             ||   120
  Use: Potion            ||     3
Armor: Scale mail        ||    74
Dodge: Dodged            ||    43
Block: Kite shield       ||    62

Table legend: (Time is in decaauts)
 A = Elapsed time spent in this place.
 B = Non-inter-level travel time spent in this place.
 C = Inter-level travel time spent in this place.
 D = Time resting spent in this place.
 E = Time spent auto-exploring this place.
 F = Levels seen in this place.
 G = Mean time per level.
                   A        B        C        D        E       F      G
               +--------+--------+--------+--------+--------+-----+--------+
         Total |   1670 |   1648 |     22 |      0 |   1355 |   2 |  835.0 |
       Dungeon |   1670 |   1648 |     22 |      0 |   1355 |   2 |  835.0 |
               +--------+--------+--------+--------+--------+-----+--------+

Top non-repeatable levels by time:
     D:1: 945 daAuts
     D:2: 724 daAuts
